 Dungeon Crawl Stone Soup version 0.31-a0-1074-g0b22e4e0f1 (webtiles) character file.

Game seed: 2714432423681729489

120 BigPumpCobain the Ruffian (level 4, -7/52 HPs)
             Began as a Draconian Shapeshifter on Dec 6, 2023.
             Killed from afar by Sigmund (10 damage)
             ... with a magic dart
             ... on level 3 of the Dungeon.
             The game lasted 00:02:57 (1414 turns).

BigPumpCobain the Ruffian (Draconian Shapeshifter)  Turns: 1414, Time: 00:02:58

Health: -7/52      AC: 22    Str: 18    XL:     4   Next: 75%
Magic:  4/4        EV:  2    Int: 10    God:
Gold:   143        SH:  0    Dex: 11    Spells: 3/3 levels left

rFire   . . .        e - +1 dagger (drain)
rCold   . . .        (no shield)
rNeg    . . .        (body armour unavailable)
rPois   +            (helmet currently unavailable)
rElec   .            (cloak currently unavailable)
rCorr   .            (gloves currently unavailable)
SInv    +            (boots currently unavailable)
Will    .....        (no amulet)
Stlth   +            d - ring of see invisible
HPRegen 0.28/turn    (no ring)
MPRegen 0.09/turn

%: no passive effects
@: tree-form
A: stationary, stasis, torment immunity, boosted hp, AC +5, unfitting armour,
(cold-blooded)
a: no special abilities


You were on level 3 of the Dungeon.
You were a tree.
You visited 1 branch of the dungeon, and saw 3 of its levels.

You collected 143 gold pieces.

Inventory:

Hand Weapons
 e - a +1 dagger of draining (weapon)
Missiles
 f - 4 datura-tipped darts
 m - a throwing net
Jewellery
 d - a ring of see invisible (left branch)
 g - a +6 ring of strength
 k - a +6 ring of strength
Talismans
 b - a beast talisman
 c - a flux talisman
Scrolls
 l - a scroll of revelation {unknown}
Potions
 i - a potion of might {unknown}
 j - a potion of brilliance {unknown}


   Skills:
 - Level 1.1 Fighting
 - Level 1.7 Dodging
 + Level 5.5 Unarmed Combat
 - Level 3.0 Shapeshifting


You had 3 spell levels left.
You didn't know any spells.
Your spell library contained the following spells:

 Spells                   Type           Power      Damage    Failure   Level
 Summon Small Mammal      Summ           0%         N/A       36%         1
 Call Canine Familiar     Summ           0%         N/A       75%         3
 Summon Guardian Golem    Hex/Summ       0%         N/A       75%         3


Dungeon Overview and Level Annotations

Branches:
Dungeon (3/15)

Altars:

Annotations:
D:2 Robin
D:3 Sigmund


Innate Abilities, Weirdness & Mutations

You are a tree.
Your roots penetrate the ground, keeping you stationary.
You cannot be teleported.
You are immune to unholy pain and torment.
Your maximum health is greatly increased.
Your equipment is partially melded.
((Your plain brown scales are hard. (AC +5)))
You cannot fit into any form of body armour.
((You are cold-blooded and may be slowed by cold attacks.))


Message History

The adder is heavily wounded.
You feel sick. The adder barely misses you.
Sigmund gestures wildly while chanting.
Sigmund flickers and vanishes for a moment.
The adder barely misses you.
You closely miss the adder.
Your tail-slap misses the adder.
You punch the adder.
You kill the adder!
You feel sick. Sigmund closely misses you.
You feel sick.
Sigmund hits you with a +3 scythe of protection!
* * * LOW HITPOINT WARNING * * *
You see here an adder corpse.
You are too injured to fight recklessly!
You are too injured to fight recklessly!
You are too injured to fight recklessly!
You are too injured to fight recklessly!
You are too injured to fight recklessly!
You are too injured to fight recklessly!
Your transformation has ended.
You turn into a tree.
Your roots penetrate the ground.
You feel sick.
You are no longer poisoned.
You barely miss Sigmund. Sigmund gestures at you while chanting.
The magic dart hits you but does no damage.
You hit Sigmund but do no damage.
Sigmund hits you with a +3 scythe of protection!
* * * LOW HITPOINT WARNING * * *
You hit Sigmund but do no damage. You drain Sigmund.
Sigmund is lightly wounded.
Sigmund hits you with a +3 scythe of protection.
* * * LOW HITPOINT WARNING * * *
You barely miss Sigmund.
Sigmund is lightly wounded.
You hit Sigmund but do no damage. You drain Sigmund.
Sigmund is lightly wounded.
Sigmund casts a spell at you. The magic dart hits you!
You die...
Sigmund begins carving another notch in his scythe.

# ..# #...# #...# #
####### #...#
#.#.#... ....###
#.#.... .......
.....###### #...#
#......... ....#
#.♣@...... ###.#
#.#.###### ....#
#.#.# ####### #.#####
....... #.....#
########## #.###.#
.........##########.#
########............#
# ############.#


You could see Sigmund (invisible, very drained).

Vanquished Creatures
  A jelly (D:3)
  Terence (D:2)
  2 adders
  2 worms (D:2)
  3 orcs (D:3)
  3 giant cockroaches
  9 goblins
  4 hobgoblins
  2 kobolds (D:1)
  A quokka (D:1)
  4 ball pythons
  5 rats
37 creatures vanquished.

Notes
Turn   | Place    | Note
-------+----------+-------------------------------------------
     0 | D:1      | BigPumpCobain the Draconian Shapeshifter began the quest
                  | for the Orb.
     0 | D:1      | Reached XP level 1. HP: 16/16 MP: 1/1
   177 | D:1      | Reached XP level 2. HP: 23/23 MP: 2/2
   206 | D:1      | Found a faded altar of an unknown god.
   649 | D:2      | Reached skill level 4 in Unarmed Combat
   756 | D:2      | Reached XP level 3. HP: 26/28 MP: 3/3
   787 | D:2      | Noticed Terence
   801 | D:2      | Killed Terence
  1084 | D:2      | Noticed Robin
  1088 | D:2      | Reached XP level 4. HP: 35/35 MP: 4/4
  1092 | D:2      | Reached skill level 5 in Unarmed Combat
  1403 | D:3      | Noticed Sigmund
  1412 | D:3      | HP: 2/52 [Sigmund/+3 scythe of protection (3)]
  1414 | D:3      | Killed from afar by Sigmund

Illustrated notes

Levels and vault maps discovered:
D:1:      dpeg_arrival_arbitrary_a, layout_rooms, shapermc_ecumenical_altar_venn
D:2:      layout_loops_ring, serial_shops, nicolae_square_shop, uniq_robin,
          uniq_terence
D:3:      layout_basic, uniq_sigmund, uniq_jessica

Skill      XL: |  1  2  3  4 |
---------------+-------------+-----
Unarmed Combat | 4 5 |  5.5
Fighting       | |  1.1
Dodging        | |  1.7
Shapeshifting  | |  3.0

Action                     |  1- 3 |  4- 6 || total
---------------------------+-------+-------++-------
  Melee: Unarmed           |    18 |       ||    18
         Dagger            |    52 |    42 ||    94
         Tailslap          |    11 |     4 ||    15
         Punch             |     1 |     1 ||     2
    Use: Scroll            |     6 |     1 ||     7
         Potion            |       |     1 ||     1
 Armour: Skin              |    31 |    27 ||    58
  Dodge: Dodged            |    42 |    27 ||    69

Table legend: (Time is in decaauts)
 A = Elapsed time spent in this place.
 B = Non-inter-level travel time spent in this place.
 C = Inter-level travel time spent in this place.
 D = Time resting spent in this place.
 E = Time spent auto-exploring this place.
 F = Levels seen in this place.
 G = Mean time per level.
                   A        B        C        D        E       F      G
               +--------+--------+--------+--------+--------+-----+--------+
         Total |   1411 |   1296 |    115 |     60 |    962 |   3 |  470.3 |
       Dungeon |   1411 |   1296 |    115 |     60 |    962 |   3 |  470.3 |
               +--------+--------+--------+--------+--------+-----+--------+

Top non-repeatable levels by time:
     D:1: 624 daAuts
     D:2: 569 daAuts
     D:3: 216 daAuts
